 Dungeon Crawl Stone Soup version 0.31.0-11-ge490571c62 (webtiles) character file.

Game seed: 3173883222970293088

1163 qw the Skirmisher (level 8, -1/40 HPs)
             Began as a Spriggan Hunter on Feb 4, 2024.
             Was a Follower of Okawaru.
             Slain by a sky beast (6 damage)
             ... on level 6 of the Dungeon.
             The game lasted 00:01:46 (4644 turns).

qw the Skirmisher (Spriggan Hunter)                 Turns: 4644, Time: 00:01:46

Health: -1/40      AC:  2    Str:  7    XL:     8   Next: 17%
Magic:  9/10       EV: 23    Int: 11    God:    Okawaru [*.....]
Gold:   161        SH:  0    Dex: 20    Spells: 7/7 levels left

rFire   . . .        a - +0 shortbow (heavy)
rCold   . . .        (shield currently unavailable)
rNeg    + . .        c - +0 robe
rPois   .            (helmet restricted)
rElec   .            (no cloak)
rCorr   .            (gloves unavailable)
SInv    +            (boots unavailable)
Will    +....        (no amulet)
Stlth   ++           j - ring of positive energy
HPRegen 0.26/turn    (no ring)
MPRegen 0.12/turn

%: no passive effects
@: about to teleport, very quick
A: very small, no large weapons, unfitting armour, see invisible, speed 3
a: Renounce Religion, Heroism


You were on level 6 of the Dungeon.
You worshipped Okawaru.
Okawaru was aware of your devotion.
You visited 2 branches of the dungeon, and saw 7 of its levels.

You collected 284 gold pieces.
You spent 123 gold pieces at shops.


Innate Abilities, Weirdness & Mutations

You are very small and have problems with some larger weapons.
You are too small for most types of armour.
You have supernaturally acute eyesight. (SInv)
You cover ground extremely quickly. (Speed+++)


   Skills:
 - Level 3.3 Fighting
 - Level 8.0 Ranged Weapons
 + Level 7.6 Dodging
 - Level 1.5 Stealth
 + Level 1.5 Invocations


You had 7 spell levels left.
You didn't know any spells.
Your spell library was empty.

Inventory:

Hand Weapons
 a - a +0 heavy shortbow (weapon)
Armour
 c - a +0 robe (worn)
Jewellery
 j - a ring of positive energy (left hand)
Wands
 i - a wand of roots (8)
Scrolls
 e - a scroll of brand weapon
Potions
 b - a potion of magic {unknown}
 d - a potion of might
 f - a potion of curing
 g - a potion of haste {unknown}
 h - a potion of mutation {unknown}
 k - a potion of degeneration {unknown}
 l - a potion of enlightenment {unknown}

Dungeon Overview and Level Annotations

Branches:
Dungeon (6/15)             Temple (1/1) D:5

Altars:
Ashenzari
Cheibriados
Dithmenos
Elyvilon
Gozag
Kikubaaqudgha
Makhleb
Nemelex Xobeh
Okawaru
Qazlal
Ru
Sif Muna
Trog
Uskayaw
Wu Jian
Xom
Yredelemnul
Zin
The Shining One

Shops:
D:3 ?

Annotations:
D:5 1 runed translucent door, qw's ghost, amateur DEHu
D:6 Jeremiah


Message History

The centaur unwields a +0 shortbow.
The centaur wields a +0 great mace.
The centaur closely misses you. The centaur barely misses you.
The orc hits you with a +0 mace. The centaur misses you. x2
You shoot an arrow. The arrow barely misses the centaur.
The centaur completely misses you. x2; The orc barely misses you.
The centaur closely misses you. The centaur kicks you.
The orc closely misses you.
You shoot an arrow. The arrow hits the centaur.
The centaur is moderately wounded.
The centaur misses you. The centaur completely misses you.
The orc hits you with a +0 mace! The orc hits you with a +0 short sword.
The centaur hits you with a +0 great mace!
The centaur misses you.
4638 ||| READING 2 scrolls of teleportation.
As you read the scroll of teleportation, it crumbles to dust.
You feel strangely unstable. The centaur barely misses you.
The centaur kicks you but does no damage.
The orc barely misses you. The orc closely misses you.
The centaur completely misses you. The centaur kicks you.
You shoot an arrow. The arrow hits the centaur!!
You kill the centaur!
Okawaru accepts your kill. The orc closely misses you.
The orc misses you. x2; The orc barely misses you.
Your Invocations skill increases to level 1!
You shoot an arrow. The arrow closely misses the orc.
Your surroundings suddenly seem different.
A sky beast comes into view.
You shoot an arrow. The arrow hits the sky beast!
The sky beast is moderately wounded.
You shoot an arrow. The arrow barely misses the sky beast.
4643 ||| READING scroll of teleportation.
As you read the scroll of teleportation, it crumbles to dust.
You feel strangely unstable.
You shoot an arrow. The arrow hits the sky beast!
The sky beast is heavily wounded.
The sky beast completely misses you.
The sky beast flickers out of sight for a moment.
The sky beast hits you. The sky beast shocks you.
You die...

#####
#@..#
#.Y..#
#....#
#....+
#....#
#....#
##...#
#...#


You could see a sky beast (invisible).

Vanquished Creatures
  Grinder (D:4)
  An ogre (D:5)
  A centaur (D:6)
  A bullfrog (D:6)
  A kobold brigand (D:5)
  A scorpion (D:4)
  2 jellies
  A bombardier beetle (D:5)
  A gnoll bouda (D:5)
  A hound (D:4)
  An orc priest (D:6)
  2 sleepcaps (D:5)
  4 iguanas
  2 orc wizards (D:6)
  4 gnolls (D:5)
  8 adders
  2 ufetubi (D:5)
  3 dart slugs
  4 ribbon worms
  6 orcs
  10 endoplasms
  7 giant cockroaches
  5 goblins
  5 hobgoblins
  4 jackals (D:4)
  12 kobolds
  2 quokkas
  3 ball pythons
  6 bats
  5 frilled lizards
  7 rats
113 creatures vanquished.

Notes
Turn   | Place    | Note
-------+----------+-------------------------------------------
     0 | D:1      | qw the Spriggan Hunter began the quest for the Orb.
     0 | D:1      | Reached XP level 1. HP: 10/10 MP: 2/2
     0 | D:1      | 0 ||| qw: Version: 0.3-a-160-g6735b56
     0 | D:1      | 0 ||| qw: Game counter: 5834
     0 | D:1      | 0 ||| qw: Melee chars always use a shield: true
     0 | D:1      | 0 ||| qw: God list: Okawaru
     0 | D:1      | 0 ||| qw: Allow faded altars: false
     0 | D:1      | 0 ||| qw: Do Orc after clearing Dungeon:15 true
     0 | D:1      | 0 ||| qw: Do second Lair branch before Depths: true
     0 | D:1      | 0 ||| qw: Lair rune preference: random
     0 | D:1      | 0 ||| qw: Goals: Normal
     0 | D:1      | 0 ||| PLANNING D:1-11
    24 | D:1      | Reached skill level 3 in Dodging
   112 | D:1      | Reached XP level 2. HP: 9/14 MP: 3/3
   744 | D:1      | 744 ||| READING scroll labelled GAS PAJOAMP.
   745 | D:1      | 745 ||| READING scroll labelled FUODOXT YROAHA.
   770 | D:1      | 770 ||| READING scroll labelled ZIGIAM FOGGUYXT.
   771 | D:1      | 771 ||| DROPPING scroll of butterflies.
   905 | D:2      | Reached XP level 3. HP: 18/18 MP: 4/4
  1349 | D:2      | Reached skill level 5 in Ranged Weapons
  1594 | D:2      | Reached XP level 4. HP: 22/22 MP: 5/5
  1792 | D:2      | 1792 ||| UPGRADING to ring of positive energy.
  1793 | D:2      | 1793 ||| READING 2 scrolls labelled YSHAMN ATYZ.
  1793 | D:2      | 1793 ||| IDENTIFYING purple potion
  1794 | D:2      | 1794 ||| READING scroll of identify.
  1794 | D:2      | 1794 ||| IDENTIFYING sedimented red potion
  1795 | D:2      | 1795 ||| READING scroll labelled MEPLAU NESUTAQI.
  1796 | D:2      | 1796 ||| READING scroll labelled IJE FOCSOQ.
  1797 | D:2      | 1797 ||| READING scroll labelled BALAON ICOGU.
  1797 | D:2      | 1797 ||| BRANDING +0 shortbow.
  1798 | D:2      | 1798 ||| DRINKING 2 pink potions.
  1799 | D:2      | 1799 ||| DRINKING 2 sapphire potions.
  1800 | D:2      | 1800 ||| DROPPING potion of brilliance.
  1831 | D:3      | Found Imadghotig's Magic Scroll Shop.
  1853 | D:3      | 1853 ||| BUYING scroll of brand weapon (123 gold).
  1853 | D:3      | Bought a scroll of brand weapon for 123 gold pieces
  1853 | D:3      | 1853 ||| SHOPLISTING scroll of brand weapon (123 gold, have
                  | 12).
  1853 | D:3      | 1853 ||| SHOPLISTING scroll of identify (26 gold, have 12).
  1853 | D:3      | 1853 ||| SHOPLISTING scroll of teleportation (39 gold, have
                  | 12).
  2023 | D:3      | Found a broken altar of Ashenzari.
  2438 | D:3      | 2438 ||| READING scroll labelled GINTIO TAADOIJ.
  2539 | D:3      | 2539 ||| READING scroll labelled SUESYB GYICW.
  2562 | D:4      | Reached XP level 5. HP: 18/26 MP: 6/6
  2653 | D:4      | HP: 2/26 [ribbon worm (5)]
  2654 | D:4      | 2654 ||| DRINKING 2 potions of heal wounds.
  2663 | D:4      | HP: 2/26 [ribbon worm (7)]
  2664 | D:4      | 2664 ||| DRINKING potion of heal wounds.
  2677 | D:4      | HP: 6/26 [ribbon worm (4)]
  2679 | D:4      | HP: 1/26 [ribbon worm (4)]
  2966 | D:4      | Noticed Grinder
  2975 | D:4      | Paralysed by Grinder for 3 turns
  2980 | D:4      | Killed Grinder
  2981 | D:4      | Reached skill level 6 in Ranged Weapons
  2981 | D:4      | Reached XP level 6. HP: 30/30 MP: 7/7
  2993 | D:4      | Noticed a water elemental
  2995 | D:4      | Found a stormy altar of Qazlal.
  2997 | D:4      | Noticed a fire elemental
  2997 | D:4      | Noticed an air elemental
  3040 | D:4      | Reached skill level 6 in Dodging
  3134 | D:4      | Reached skill level 7 in Ranged Weapons
  3531 | D:5      | Entered Level 5 of the Dungeon
  3538 | D:5      | Reached XP level 7. HP: 35/35 MP: 8/8
  3544 | D:5      | Found a staircase to the Ecumenical Temple.
  3545 | D:5      | 3545 ||| PLANNING TEMPLE
  3562 | D:5      | HP: 5/35 [gnoll bouda/+0 whip (6)]
  3563 | D:5      | 3563 ||| DRINKING potion of heal wounds.
  3586 | Temple   | Entered the Ecumenical Temple
  3587 | Temple   | 3587 ||| PLANNING OKAWARU WORSHIP
  3604 | Temple   | Became a worshipper of Warmaster Okawaru
  3605 | Temple   | 3605 ||| PLANNING D:1-11
  3693 | D:5      | Found a runed translucent door.
  3809 | D:5      | 3809 ||| FLEEEEING.
  3878 | D:5      | Noticed qw's ghost (amateur DEHu)
  3884 | D:5      | Reached skill level 8 in Ranged Weapons
  4205 | D:5      | 4205 ||| READING 3 scrolls labelled ETEPHY VAADEAWN.
  4226 | D:6      | Noticed Jeremiah
  4227 | D:6      | 4227 ||| ZAPPING wand of paralysis (1) at 5,3 (Jeremiah;
                  | floor).
  4230 | D:6      | 4230 ||| STAIRDANCE
  4263 | D:6      | 4263 ||| STAIRDANCE
  4339 | D:6      | 4339 ||| STAIRDANCE
  4344 | D:6      | 4344 ||| STAIRDANCE
  4376 | D:6      | 4376 ||| STAIRDANCE
  4457 | D:6      | 4457 ||| STAIRDANCE
  4589 | D:6      | Reached skill level 3 in Fighting
  4589 | D:6      | Reached XP level 8. HP: 33/40 MP: 9/9
  4629 | D:6      | Reached * piety under Okawaru
  4637 | D:6      | HP: 9/40 [centaur/+0 great mace (16)]
  4638 | D:6      | 4638 ||| READING 2 scrolls of teleportation.
  4640 | D:6      | Reached skill level 1 in Invocations
  4643 | D:6      | 4643 ||| READING scroll of teleportation.
  4644 | D:6      | HP: 5/40 [sky beast (3)]
  4644 | D:6      | Slain by a sky beast

Levels and vault maps discovered:
D:1:      amcnicky_arrival_single_pillar, layout_basic, reono_crystal_passage
D:2:      minmay_razor_zed, layout_basic
D:3:      layout_loops_ring, mainiacjoe_overflow_surrounded_room, serial_shops,
          shop_scrolls, grunt_ministairs_8
D:4:      layout_basic, nicolae_qazlal_style_of_elements, uniq_grinder
D:5:      layout_cave_pools, minmay_temple_entry_large_hall,
          ebering_ghost_sewer_d, lexackson_kobold_supper
D:6:      layout_gridville, uniq_sigmund, uniq_jeremiah
Temple:   bh_familiar_temple

Skill      XL: |  1  2  3  4  5  6  7  8 |
---------------+-------------------------+-----
Dodging        | 3 4 5 6 7 |  7.6
Ranged Weapons | 5 6 7 8 |  8.0
Fighting       | 2 3 |  3.3
Invocations    | 1 |  1.5
Stealth        | |  1.5

Action                     |  1- 3 |  4- 6 |  7- 9 || total
---------------------------+-------+-------+-------++-------
   Fire: Shortbow          |   118 |   119 |   104 ||   341
  Evoke: Wand              |       |       |     1 ||     1
    Use: Scroll            |     3 |     7 |     3 ||    13
         Potion            |       |     4 |     1 ||     5
 Armour: Robe              |     6 |    47 |    29 ||    82
  Dodge: Dodged            |    40 |    66 |    90 ||   196

Table legend:
 A = Non-vault XP
 B = Vault XP
 C = Vault XP percentage of total XP
 D = Non-vault monster count
 E = Vault monster count
 F = Vault count percentage of total count
                 A         B        C        D         E       F
            +---------+---------+-------+---------+---------+-------
      Total |    1219 |     443 |  26.7 |      91 |      22 |  19.5
            +---------+---------+-------+---------+---------+-------
        D:1 |      31 |       0 |   0.0 |      19 |       0 |   0.0
        D:2 |      55 |      43 |  43.9 |      19 |      11 |  36.7
        D:3 |      28 |      14 |  33.3 |      10 |       2 |  16.7
        D:4 |     245 |     281 |  53.4 |      19 |       1 |   5.0
        D:5 |     491 |     105 |  17.6 |      16 |       8 |  33.3
        D:6 |     369 |       0 |   0.0 |       8 |       0 |   0.0
            +---------+---------+-------+---------+---------+-------
